 Dungeon Crawl Stone Soup version 0.27-a0-1591-gc56fcc985a (webtiles) character file.

Game seed: 15405744259324902547

483 Anon1729 the Slasher (level 6, -3/56 HPs)
             Began as a Minotaur Monk on July 19, 2021.
             Slain by a gnoll (4 damage)
             ... on level 4 of the Dungeon.
             The game lasted 00:04:27 (3856 turns).

Anon1729 the Slasher (Minotaur Monk)                Turns: 3856, Time: 00:04:27

Health: -3/56      AC:  2    Str: 17 (18) XL:     6   Next: 87%
Magic:  5/5        EV: 13    Int:  5 (7)  God:
Gold:   96         SH:  0    Dex:  9 (12) Spells: 5/5 levels left

rFire    . . .     SeeInvis .   a - +0 falchion
rCold    . . .     Faith    .   (no shield)
rNeg     . . .     Spirit   .   b - +0 robe
rPois    .         Reflect  .   (helmet restricted)
rElec    .         Harm     .   (no cloak)
rCorr    .         Rampage  .   (no gloves)
Will     .....                  (no boots)
Stlth    ++........             (no amulet)
HPRegen  0.18/turn              (no ring)
MPRegen  0.09/turn              (no ring)

@: brilliant
A: horns 2, retaliatory headbutt
a: no special abilities


You were on level 4 of the Dungeon.
You visited 1 branch of the dungeon, and saw 4 of its levels.

You collected 96 gold pieces.

Inventory:

Hand Weapons
 a - a +0 falchion (weapon)
 d - a +0 great sword
Armour
 b - a +0 robe (worn)
Jewellery
 p - a ring of see invisible
Wands
 l - a wand of flame (9)
Scrolls
 e - a scroll of immolation {unknown}
 f - a scroll of enchant armour {unknown}
 h - 4 scrolls of teleportation {unknown}
 i - 2 scrolls of identify {unknown}
 n - a scroll of noise {unknown}
 o - a scroll of enchant weapon {unknown}
Potions
 c - a potion of curing
 k - a potion of might {unknown}


   Skills:
 + Level 5.2 Fighting
 * Level 6.4 Long Blades
 + Level 3.3 Armour
 + Level 4.8 Dodging
 - Level 2.0 Stealth


You had 5 spell levels left.
You didn't know any spells.
Your spell library contained the following spells:

 Spells                   Type           Power      Damage    Failure   Level
 Dazzling Flash           Conj/Hex       0%         N/A       85%         3
 Agony                    Necr           0%         N/A       100%        5
 Silence                  Hex/Air        0%         N/A       100%        5


Dungeon Overview and Level Annotations

Branches:
Dungeon (4/15)
 Temple: D:4-7

Altars:
Vehumet

Portals:
Abyss: D:3

Annotations:
D:3 2 transporters, wakim's ghost, amateur DjIE


Innate Abilities, Weirdness & Mutations

You have a pair of horns on your head.
You reflexively headbutt those who attack you in melee.


Message History

The gnoll shaman is heavily wounded.
The gnoll shaman hits you with a +0 club!
You barely miss the gnoll shaman. Your headbutt misses the gnoll shaman.
The gnoll shaman is heavily wounded.
The gnoll shaman barely misses you.
You hit the gnoll shaman. You headbutt the gnoll shaman.
The gnoll shaman is almost dead.
The gnoll shaman closely misses you. You furiously retaliate!
You headbutt the gnoll shaman.
You kill the gnoll shaman!
The gnoll hits you with a +0 whip.
Items here: )) [ ††.
You hit the gnoll. Your headbutt misses the gnoll.
The gnoll is heavily wounded.
The gnoll hits you with a +0 whip!
You are too injured to fight recklessly!
You are too injured to fight recklessly!
You are too injured to fight recklessly!
You completely miss the gnoll. The gnoll hits you with a +0 whip.
The gnoll hits you with a +0 club.
You closely miss the gnoll. Your headbutt misses the gnoll.
The gnoll barely misses you. You furiously retaliate!
You headbutt the gnoll.
You riposte.
You slash the gnoll!
You kill the gnoll!
The gnoll hits you with a +0 club.
* * * LOW HITPOINT WARNING * * *
It was a potion of degeneration.
There was something very wrong with that liquid.
You feel weakened.
You feel dopey.
You feel clumsy. The gnoll hits you but does no damage.
It was a potion of brilliance.
You feel clever all of a sudden. The gnoll hits you with a +0 whip.
* * * LOW HITPOINT WARNING * * *
The gnoll misses you. x2; You furiously retaliate!
You headbutt the gnoll.
It was a potion of magic.
Magic courses through your body. The gnoll hits you with a +0 whip!
* * * LOW HITPOINT WARNING * * *
The gnoll closely misses you. The gnoll hits you with a +0 club.
You die...

#..##h.#.#.#.#.O## #.#._÷
#..#.#.#.... #...# #.....
#..g###....#####.# #...#.
.####.#g#.###...#...###.....
..........# ...#...........
########..# #.....#####..#.
#..# #.#.......÷....
#.g####.#.#.#.###.##.
#ohg@g........###.###
#######.#.#.........)
###............###
#...#.....###### #.#....##.#
#.##.#.##.# #.##.#.##.#
#.##.#.##.# #.##.#.##.#


You could see 3 gnolls, an orc and a jackal.

Vanquished Creatures
  An ogre (D:4)
  A hound (D:4)
  A jelly (D:4)
  An orc priest (D:3)
  A gnoll shaman (D:4)
  3 orc wizards
  A hound skeleton (D:4)
  5 gnolls
  6 adders
  A dart slug (D:1)
  12 orcs
  5 ball pythons
  3 bats
  3 endoplasms
  4 giant cockroaches
  6 goblins
  5 hobgoblins
  9 jackals
  6 kobolds
  2 quokkas (D:1)
  A frilled lizard (D:3)
  5 rats
82 creatures vanquished.

Notes
Turn   | Place    | Note
-------+----------+-------------------------------------------
     0 | D:1      | Anon1729 the Minotaur Monk began the quest for the Orb.
     0 | D:1      | Reached XP level 1. HP: 19/19 MP: 0/0
   106 | D:1      | Reached XP level 2. HP: 26/27 MP: 1/1
   465 | D:1      | Reached skill level 4 in Long Blades
   821 | D:1      | Reached XP level 3. HP: 33/33 MP: 2/2
  1354 | D:2      | Reached skill level 1 in Armour
  1439 | D:2      | Reached XP level 4. HP: 40/40 MP: 3/3
  2120 | D:3      | Reached skill level 5 in Long Blades
  2142 | D:3      | HP: 2/41 [something (1)]
  2147 | D:3      | Reached XP level 5. HP: 8/47 MP: 4/4
  3033 | D:3      | Found a transporter.
  3047 | D:3      | Found a one-way gate to the infinite horrors of the Abyss.
  3047 | D:3      | Noticed wakim's ghost (amateur DjIE)
  3069 | D:3      | Found a transporter.
  3196 | D:4      | Found a radiant altar of Vehumet.
  3210 | D:4      | Reached XP level 6. HP: 54/55 MP: 5/5
  3683 | D:4      | Reached skill level 5 in Fighting
  3683 | D:4      | Reached skill level 6 in Long Blades
  3856 | D:4      | HP: 1/56 [gnoll (7)]
  3856 | D:4      | Slain by a gnoll

Illustrated notes

Levels and vault maps discovered:
D:1:      psy_arrival_dodecagon, layout_basic, minmay_misc_feat_ornament
D:2:      layout_rooms
D:3:      layout_rooms, gammafunk_ghost_abyssal_escape, minmay_misc_feat_alley
D:4:      layout_loops_ring, vehumet_altar_wand_db

Skill      XL: |  1  2  3  4  5  6 |
---------------+-------------------+-----
Long Blades    | 4 5 6 |  6.4
Stealth        | 2 |  2.0
Fighting       | 4 5 |  5.2
Armour         | 1 2 3 |  3.3
Dodging        | 4 |  4.8

Action                   |  1- 3 |  4- 6 || total
-------------------------+-------+-------++-------
Melee: Falchion          |    67 |   113 ||   180
       Headbutt          |    13 |    33 ||    46
Evoke: Wand              |       |     2 ||     2
  Use: Potion            |       |     6 ||     6
 Stab: Sleeping          |     4 |     2 ||     6
Armor: Robe              |    11 |     8 ||    19
Dodge: Dodged            |    50 |    78 ||   128
       Rpst.: Falchion   |    18 |    23 ||    41

Table legend: (Time is in decaauts)
 A = Elapsed time spent in this place.
 B = Non-inter-level travel time spent in this place.
 C = Inter-level travel time spent in this place.
 D = Time resting spent in this place.
 E = Time spent auto-exploring this place.
 F = Levels seen in this place.
 G = Mean time per level.
                   A        B        C        D        E       F      G
               +--------+--------+--------+--------+--------+-----+--------+
         Total |   3870 |   3751 |    119 |    965 |   2248 |   4 |  967.5 |
       Dungeon |   3870 |   3751 |    119 |    965 |   2248 |   4 |  967.5 |
               +--------+--------+--------+--------+--------+-----+--------+

Top non-repeatable levels by time:
     D:3: 1277 daAuts
     D:2: 1121 daAuts
     D:1: 1078 daAuts
     D:4: 392 daAuts
